 Dungeon Crawl Stone Soup version 0.31-a0-844-gdc52ec4e09 (webtiles) character file.

Game seed: 5900182338779539371

4146 TheScarfBastard the Carver (level 10, -1/88 HPs)
             Began as a Black Draconian Berserker on Sept 30, 2023.
             Was an Elder of Trog.
             Engulfed by a steam dragon's steam (4 damage)
             ... on level 8 of the Dungeon.
             The game lasted 00:22:04 (7029 turns).

TheScarfBastard the Carver (DrBe)                   Turns: 7029, Time: 00:22:05

Health: -1/88      AC: 10    Str: 25    XL:     10   Next: 7%
Magic:  10/10      EV: 14    Int:  7    God:    Trog [****..]
Gold:   310        SH:  0    Dex: 10    Spells: 9/9 levels left

rFire   . . .        g - +2 long sword (elec)
rCold   . . .        (no shield)
rNeg    . . .        (body armour unavailable)
rPois   .            (helmet restricted)
rElec   +            l - +2 cloak
rCorr   .            (no gloves)
SInv    .            (no boots)
Will    .....        (no amulet)
Stlth   ++           (no ring)
HPRegen 0.34/turn    (no ring)
MPRegen 0.12/turn

%: no passive effects
@: short of breath, on berserk cooldown, attractive
A: breathe lightning, AC +7, unfitting armour, electricity resistance,
cold-blooded, subdued magic 1
a: Breathe Lightning, Renounce Religion, Berserk, Trog's Hand, Brothers in Arms


You were on level 8 of the Dungeon.
You worshipped Trog.
Trog was greatly pleased with you.
You visited 1 branch of the dungeon, and saw 8 of its levels.

You collected 310 gold pieces.

Inventory:

Hand Weapons
 a - a +0 mace
 d - a +4 flail of freezing
 g - a +2 long sword of electrocution (weapon)
 i - a +0 war axe
 s - a +3 flail of holy wrath
Armour
 l - a +2 cloak (worn)
Talismans
 m - a storm talisman
 o - a blade talisman
Wands
 t - a wand of roots (5)
Scrolls
 c - 4 scrolls of amnesia
 f - a scroll of poison
 j - a scroll of immolation {unknown}
 k - 3 scrolls of teleportation
 p - 2 scrolls of fear {unknown}
 q - 4 scrolls of fog
 r - a scroll of identify
Potions
 b - a potion of magic


   Skills:
 + Level 8.3 Fighting
 + Level 9.2 Long Blades
 + Level 4.3 Maces & Flails
 + Level 7.4 Dodging
 + Level 3.3 Stealth


You had 9 spell levels left.
You didn't know any spells.
Your spell library was empty.

Dungeon Overview and Level Annotations

Branches:
Dungeon (8/15)             Temple (0/1) D:6
   Lair: D:8-11

Altars:
Dithmenos
Vehumet
Xom

Annotations:
D:8 1 transporter, taxman66's ghost, novice KoEn


Innate Abilities, Weirdness & Mutations

You can breathe wild blasts of lightning.
Your glossy black scales are hard. (AC +7)
You cannot fit into any form of body armour.
You are resistant to electric shocks. (rElec)
You are cold-blooded and may be slowed by cold attacks.
Your spells are a little easier to cast, but a little less powerful.


Message History

* * * LOW HITPOINT WARNING * * *
The steam dragon claws you but does no damage.
Activating: Breathe Lightning (3% risk of failure)
Press: ? - help, Dir - look around, f - activate You breathe a wild blast of lightning!
The bolt of lightning misses the steam dragon.
The bolt of lightning misses the bullfrog.
The bolt of lightning misses you.
The orb of electricity explodes!
The orb of electricity engulfs the steam dragon.
The steam dragon is severely wounded.
The orb of electricity engulfs the bullfrog!!
You kill the bullfrog!
Trog accepts your kill. The orb of electricity engulfs you! You resist.
* * * LOW HITPOINT WARNING * * *
You hear a howl!
The orc warrior shoots an arrow.
The arrow hits you!
* * * LOW HITPOINT WARNING * * *
The steam dragon misses you. The steam dragon closely misses you.
The orc warrior shoots an arrow.
The arrow misses you.
Unknown command.
It was a potion of haste.
You feel yourself speed up. The steam dragon bites you.
* * * LOW HITPOINT WARNING * * *
The steam dragon claws you but does no damage.
The orc warrior shoots an arrow.
The arrow closely misses you.
The steam dragon bites you but does no damage.
The steam dragon claws you but does no damage.
It was a potion of cancellation.
Your magical effects are unravelling.
You feel magically purged.
You feel yourself speed up.
You feel yourself slow down.
The orc warrior shoots an arrow.
The arrow closely misses you. The steam dragon breathes steam at you.
The ball of steam hits you.
* * * LOW HITPOINT WARNING * * *
It was a potion of attraction.
You feel attractive to monsters.
You are engulfed in a cloud of scalding steam.
You die... #..# .#K #.#..
Fyo .. #.#~(# Kyc

#. #.
#....##J##$ $.#
#~.#.###.#.~#
#8...~.~~8#
#~†.Y.$~#
#D###o# ##@©†##
#....#####....#
#......©..[...#
#:........#...#
######........#
..........
#........#
######[..


You could see a slime creature, a yak, a steam dragon (catching breath), an orc
warrior, a vampire mosquito, a centaur, a killer bee and an orc.

Vanquished Creatures
  Pikel (D:4)
  A hornet (D:7)
  A steam dragon (D:5)
  4 water moccasins
  An orc warrior (D:6)
  An ice beast (D:6)
  4 black bears
  An ogre (D:7)
  2 sky beasts
  2 centaurs
  A lemure (D:4)
  3 scorpions
  4 bullfrogs
  6 wights
  6 howler monkeys
  2 hounds (D:4)
  A jelly (D:8)
  A gnoll bouda (D:6)
  5 orc priests
  Jessica (D:3)
  4 iguanas
  A sleepcap (D:4)
  7 orc wizards
  Robin (D:3)
  8 gnolls
  14 adders
  A shadow imp (D:6)
  A white imp (D:7)
  3 ufetubi
  3 worms
  A dart slug (D:2)
  24 orcs
  A bat (D:1)
  5 endoplasms
  6 giant cockroaches
  15 goblins
  5 hobgoblins (D:3)
  7 jackals
  6 quokkas
  9 ball pythons
  A frilled lizard (D:2)
  5 kobolds
  4 rats (D:3)
180 creatures vanquished.

Vanquished Creatures (others)
  2 goblins (D:3)
2 creatures vanquished.

Grand Total: 182 creatures vanquished

Notes
Turn   | Place    | Note
-------+----------+-------------------------------------------
     0 | D:1      | TheScarfBastard the Draconian Berserker began the quest for
                  | the Orb.
     0 | D:1      | Reached XP level 1. HP: 19/19 MP: 1/1
   134 | D:1      | Reached XP level 2. HP: 11/26 MP: 2/2
   819 | D:2      | Reached XP level 3. HP: 23/33 MP: 3/3
  1087 | D:2      | Reached ** piety under Trog
  1450 | D:2      | You fall into a shaft and drop 2 floors!
  1517 | D:4      | Reached XP level 4. HP: 40/40 MP: 4/4
  1637 | D:4      | Reached XP level 5. HP: 40/46 MP: 5/5
  1705 | D:4      | Found a shimmering altar of Xom.
  1727 | D:4      | Reached skill level 1 in Long Blades
  1858 | D:4      | Reached skill level 1 in Stealth
  2008 | D:4      | Noticed a black bear
  2017 | D:4      | Killed a black bear
  2018 | D:4      | Reached XP level 6. HP: 53/53 MP: 6/6
  2080 | D:4      | Reached skill level 2 in Long Blades
  2121 | D:3      | Noticed Jessica
  2134 | D:3      | Killed Jessica
  2330 | D:3      | Noticed Robin
  2336 | D:3      | Killed Robin
  2906 | D:3      | Found a radiant altar of Vehumet.
  3225 | D:3      | Reached *** piety under Trog
  3417 | D:4      | Noticed Pikel
  3431 | D:4      | Killed Pikel
  3432 | D:4      | Reached skill level 5 in Fighting
  3432 | D:4      | Reached skill level 4 in Long Blades
  3432 | D:4      | Reached skill level 5 in Dodging
  3432 | D:4      | Your scales start taking on a glossy black colour.
  3432 | D:4      | Reached XP level 7. HP: 61/61 MP: 7/7
  3432 | D:4      | Gained mutation: You are resistant to electric shocks.
                  | (rElec) [Black Draconian growth]
  4205 | D:5      | Entered Level 5 of the Dungeon
  4218 | D:5      | Reached XP level 8. HP: 70/70 MP: 8/8
  4334 | D:5      | Reached skill level 5 in Long Blades
  4349 | D:5      | Gained mutation: You have a somewhat thin skeletal
                  | structure. (Dex +2, Stealth+) [potion of mutation]
  4349 | D:5      | Gained mutation: You sometimes lose your temper in combat.
                  | [potion of mutation]
  4633 | D:5      | Lost mutation: You have a somewhat thin skeletal structure.
                  | (Dex +2, Stealth+) [potion of mutation]
  4633 | D:5      | Lost mutation: You sometimes lose your temper in combat.
                  | [potion of mutation]
  4633 | D:5      | Gained mutation: You have hidden genetic potential. [potion
                  | of mutation]
  4639 | D:5      | Reached skill level 6 in Long Blades
  4641 | D:5      | Lost mutation: You have hidden genetic potential. [potion
                  | of mutation]
  4641 | D:5      | Gained mutation: Your spells are a little easier to cast,
                  | but a little less powerful. [potion of mutation]
  5107 | D:6      | Reached skill level 7 in Long Blades
  5176 | D:6      | Found a staircase to the Ecumenical Temple.
  5189 | D:6      | Reached XP level 9. HP: 51/78 MP: 9/9
  6153 | D:7      | Reached skill level 8 in Long Blades
  6412 | D:7      | Reached **** piety under Trog
  6794 | D:8      | Found a shadowy altar of Dithmenos.
  6985 | D:8      | Found a transporter.
  6985 | D:8      | Found a transporter.
  6988 | D:8      | Noticed a two-headed ogre
  6993 | D:8      | Identified the +0 scimitar of Fedhas's Castigation {elec,
                  | rF+}
  6995 | D:8      | Noticed taxman66's ghost (novice KoEn)
  7008 | D:8      | Reached skill level 9 in Long Blades
  7014 | D:8      | Reached XP level 10. HP: 85/88 MP: 10/10
  7027 | D:8      | HP: 3/88 [steam dragon (2)]
  7029 | D:8      | Engulfed by a steam dragon's steam

Illustrated notes

Levels and vault maps discovered:
D:1:      erik_arrival_blinker_ship, layout_basic, nicolae_the_louvre
D:2:      layout_loops_ring
D:3:      minmay_octagon_keep, layout_basic, fiery_altar_vehumet, uniq_robin,
          uniq_jessica
D:4:      layout_basic, mainiacjoe_overflow_brackets, uniq_pikel
D:5:      layout_basic
D:6:      layout_basic, minmay_temple_entry_proselytizer, hex_large
D:7:      layout_basic, mainiacjoe_overflow_concentric_impassable
D:8:      lemuel_ice_spiral_2, layout_basic, nicolae_dithmenos_the_darkroom,
          nzn_ghost_randoct, special_room [special_room_orc]

Skill      XL: |  1  2  3  4  5  6  7  8  9 |
---------------+----------------------------+-----
Dodging        | 3 4 5 6 7 |  7.4
Fighting       | 4 5 6 8 |  8.3
Maces & Flails | 4 |  4.3
Long Blades    | 1 4 7 9 |  9.2
Stealth        | 1 2 3 |  3.3

Action                     |  1- 3 |  4- 6 |  7- 9 | 10-12 || total
---------------------------+-------+-------+-------+-------++-------
  Melee: Mace              |    70 |       |       |       ||    70
         Tailslap          |     7 |    19 |    35 |     1 ||    62
         Long sword        |     7 |   204 |   290 |    11 ||   512
         Punch             |       |     3 |     2 |       ||     5
 Invoke: Berserk           |     2 |     6 |    12 |       ||    20
Ability: Breathe Lightning |       |       |     7 |     1 ||     8
    Use: Scroll            |     5 |     3 |     8 |       ||    16
         Potion            |       |       |     3 |     3 ||     6
   Stab: Sleeping          |     1 |     1 |       |       ||     2
 Armour: Skin              |    57 |   190 |   299 |    21 ||   567
  Dodge: Dodged            |    52 |   219 |   313 |    17 ||   601

Table legend: (Time is in decaauts)
 A = Elapsed time spent in this place.
 B = Non-inter-level travel time spent in this place.
 C = Inter-level travel time spent in this place.
 D = Time resting spent in this place.
 E = Time spent auto-exploring this place.
 F = Levels seen in this place.
 G = Mean time per level.
                   A        B        C        D        E       F      G
               +--------+--------+--------+--------+--------+-----+--------+
         Total |   7274 |   7119 |    155 |      0 |   5201 |   8 |  909.2 |
       Dungeon |   7274 |   7119 |    155 |      0 |   5201 |   8 |  909.2 |
               +--------+--------+--------+--------+--------+-----+--------+

Top non-repeatable levels by time:
     D:4: 1518 daAuts
     D:3: 1360 daAuts
     D:6: 1304 daAuts
     D:1: 810 daAuts
     D:5: 715 daAuts
     D:2: 670 daAuts
     D:8: 602 daAuts
     D:7: 292 daAuts
